 Dungeon Crawl Stone Soup version 0.18-a0-1443-ge8f1551 (webtiles) character file.

319 namelastname112 the Insei (level 6, -4/47 HPs)
             Began as a Draconian Transmuter on Feb 29, 2016.
             Slain by an ogre
             ... wielding a +0 giant club
              (13 damage)
             ... on level 4 of the Dungeon.
             The game lasted 00:05:47 (3611 turns).

namelastname112 the Insei (Draconian Transmuter)    Turns: 3611, Time: 00:05:48

Health: -4/47      AC:  7    Str: 12    XL:     6   Next: 21%
Magic:  9/9        EV: 14    Int: 13    God:
Gold:   161        SH:  0    Dex: 14    Spells: 1 memorised, 8 levels left

rFire  . . .     SeeInvis .       - Unarmed
rCold  . . .     Gourm    .     (armour unavailable)
rNeg   . . .     Faith    .     (no shield)
rPois  .         Spirit   .     (helmet restricted)
rElec  .         Dismiss  .     (no cloak)
rCorr  .         Reflect  .     (no gloves)
SustAt .         Harm     .     g - +0 pair of boots
MR     .....                    (no amulet)
Stlth  ..........               l - +2 ring of evasion
                                i - ring of loudness (curse)

@: flying, not resistant to hostile enchantments, extremely unstealthy
A: unfitting armour, cold-blooded, AC +6
a: no special abilities


You were on level 4 of the Dungeon.
You were not hungry.

You visited 1 branch of the dungeon, and saw 4 of its levels.

You collected 161 gold pieces.

Inventory:

Missiles
 a - 34 arrows
Armour
 g - a +0 pair of boots (worn)
Jewellery
 i - a cursed ring of loudness (left hand)
 l - a +2 ring of evasion (right hand)
Wands
 n - a wand of random effects (33/48)
Scrolls
 h - 2 scrolls of remove curse {unknown}
 k - 3 scrolls of teleportation {unknown}
 o - a scroll of magic mapping {unknown}
Potions
 e - a potion of flight
 f - 2 potions of curing {unknown}
 j - a potion of resistance {unknown}
 m - a potion of berserk rage {unknown}
 p - a potion of degeneration {unknown}
Books
 b - a book of Changes

   Spells                             Type                      Level
   a - Beastly Appendage              Transmutation                1
   b - Sticks to Snakes               Transmutation                2
   c - Spider Form                    Transmutation/Poison         3
   d - Ice Form                       Ice/Transmutation            4
   e - Blade Hands                    Transmutation                5
Comestibles
 c - a bread ration
 d - a slice of pizza


   Skills:
 - Level 1.1 Fighting
 - Level 1.7 Dodging
 + Level 7.0 Unarmed Combat
 - Level 2.0 Spellcasting
 - Level 2.0 Transmutations


You had 8 spell levels left.
You knew the following spells:

 Your Spells              Type           Power        Failure   Level  Hunger
a - Beastly Appendage     Trmt           #.....       12%         1    ##.....


Dungeon Overview and Level Annotations

Branches:
Dungeon (4/15)
 Temple: D:4-7

Altars:

Annotations:
D:3 Fabri's ghost, amateur NaTm


Innate Abilities, Weirdness & Mutations

Your plain brown scales are hard (AC +6).
Your body does not fit into most forms of armour.
You are cold-blooded and may be slowed by cold attacks.


Message History

* * * LOW HITPOINT WARNING * * *
The ogre barely misses you.
There is a stone staircase leading up, spattered with blood here. 2 orcs and an orc priest come into view.
The orc shouts! x2; The orc priest shouts!
An orc comes into view. It is wielding a mace.
The orc shouts!
An orc comes into view. It is wielding a short sword.
There is a stone staircase leading up, spattered with blood here.
The orc shouts!
The orc hits you but does no damage. The orc hits you with a club.
* * * LOW HITPOINT WARNING * * *
You barely miss the orc. The ogre barely misses you.
Drink which item? (? for menu, Esc to quit)
It was a potion of flight.
You feel very buoyant.
You fly up into the air.
The orc completely misses you. The ogre hits you with a giant club!
You die...

...............### #
...............# .#
.....#+#......o######.#
.....#+#.......oo.....#
..............o.###o###
.....<..........###o#
...............<#...#
...............##O###
..#.#.........oo@.#
###............####
...............#
........###...##
..........###.#
.......##.#...#
#'##....#...#.#
#.##.#..#.#.#.#
#.##.#..###.#.#


You could see an ogre and 4 orcs.

Vanquished Creatures
  A scorpion (D:4)
  A crimson imp (D:3)
  Natasha (thrice) (D:3)
  A worker ant (D:3)
  A worker ant zombie (D:3)
  A howler monkey skeleton (D:4)
  6 adders
  2 worms (D:3)
  2 dart slugs (D:3)
  2 giant geckos
  A giant cockroach (D:3)
  4 hobgoblins
  5 jackals
  5 kobolds
  2 quokkas
  A ball python (D:4)
  5 bats
  3 giant newts
  10 goblins
  7 rats
63 creatures vanquished.

Notes
Turn   | Place    | Note
--------------------------------------------------------------
     0 | D:1      | namelastname112 the Draconian Transmuter began the quest for the Orb.
     0 | D:1      | Reached XP level 1. HP: 16/16 MP: 3/3
   332 | D:1      | Reached XP level 2. HP: 14/23 MP: 5/5
   888 | D:2      | Reached skill level 4 in Unarmed Combat
  1206 | D:2      | Reached XP level 3. HP: 28/28 MP: 6/6
  1689 | D:3      | Noticed Fabri's ghost (amateur NaTm)
  1851 | D:3      | Reached XP level 4. HP: 17/35 MP: 7/7
  2002 | D:3      | Reached skill level 5 in Unarmed Combat
  2040 | D:3      | Noticed Natasha
  2058 | D:3      | Killed Natasha
  2387 | D:3      | Noticed Natasha
  2398 | D:3      | Killed Natasha
  2398 | D:3      | Reached XP level 5. HP: 21/40 MP: 8/8
  2557 | D:3      | Noticed Natasha
  2570 | D:3      | Killed Natasha
  2570 | D:3      | Reached skill level 6 in Unarmed Combat
  3195 | D:4      | Reached XP level 6. HP: 27/47 MP: 9/9
  3376 | D:3      | Reached skill level 7 in Unarmed Combat
  3611 | D:4      | Slain by an ogre

Vault maps used:
D:1:      minmay_arrival_semitransparent
D:3:      kennysheep_pointless_box, uniq_natasha
D:4:      lemuel_doored_altar, first_bread, uniq_sigmund

Skill      XL: |  1  2  3  4  5  6 |
---------------+-------------------+-----
Unarmed Combat | 4 5 6 7 |  7.0
Fighting       | |  1.1
Dodging        | |  1.7
Spellcasting   | |  2.0
Transmutations | |  2.0

Action                   |  1- 3 |  4- 6 || total
-------------------------+-------+-------++-------
Melee: Unarmed           |   157 |   209 ||   366
  Use: Potion            |       |     2 ||     2
 Stab: Sleeping          |     1 |       ||     1
  Eat: Chunk             |     1 |     8 ||     9
